 Dungeon Crawl Stone Soup version 0.24-a0-264-gf46a388 (webtiles) character file.

Game seed: 17771314141383044046

99 Hasart the Cutter (level 5, -3/31 HPs)
             Began as a Kobold Gladiator on Apr 20, 2019.
             Killed from afar by an orc wizard (5 damage)
             ... with a puff of flame
             ... on level 3 of the Dungeon.
             The game lasted 00:03:46 (1564 turns).

Hasart the Cutter (Kobold Gladiator)                Turns: 1564, Time: 00:03:47

Health: -3/31      AC:  4    Str: 11    XL:     5   Next: 2%
Magic:  6/6        EV: 16    Int: 10    God:
Gold:   116        SH:  0    Dex: 17    Spells: 4/4 levels left

rFire    + . .     SeeInvis .   a - +0 rapier
rCold    . . .     Gourm    .   (shield restricted)
rNeg     . . .     Faith    .   b - +0 leather armour
rPois    .         Spirit   .   c - +0 helmet
rElec    .         Reflect  .   o - +0 cloak
rCorr    .         Harm     .   e - -2 pair of gloves (curse)
MR       .....                  (no boots)
Stlth    ++........             (no amulet)
HPRegen  0.10/turn              g - ring of protection from fire
MPRegen  0.10/turn              s - +1 ring of slaying

@: no status effects
A: small, carnivore
a: no special abilities


You were on level 3 of the Dungeon.
You were completely stuffed.

You visited 1 branch of the dungeon, and saw 3 of its levels.

You collected 116 gold pieces.

Inventory:

Hand Weapons
 a - a +0 rapier (weapon)
Missiles
 d - 3 throwing nets (quivered)
Armour
 b - a +0 leather armour (worn)
 c - a +0 helmet (worn)
 e - a cursed -2 pair of gloves (worn)
 o - a +0 cloak (worn)
Jewellery
 g - a ring of protection from fire (left hand)
 s - a +1 ring of slaying (right hand)
Wands
 m - a wand of paralysis (5)
Scrolls
 h - a scroll of noise {unknown}
 l - 5 scrolls of identify {unknown}
 p - 2 scrolls of remove curse {unknown}
 r - a scroll of magic mapping {unknown}
 t - a scroll of teleportation {unknown}
Potions
 i - a potion of haste {unknown}
 j - 2 potions of might {unknown}
 k - 2 potions of invisibility {unknown}
 n - a potion of brilliance {unknown}
 q - a potion of berserk rage {unknown}
Comestibles
 f - 3 rations


   Skills:
 + Level 2.7 Fighting
 * Level 5.1 Short Blades
 - Level 2.1 Throwing
 + Level 1.1 Armour
 + Level 4.0 Dodging
 + Level 1.9 Stealth
 + Level 1.5 Evocations


You had 4 spell levels left.
You didn't know any spells.
Your spell library was empty.

Dungeon Overview and Level Annotations

Branches:
Dungeon (3/15)

Altars:


Innate Abilities, Weirdness & Mutations

You are small and have problems with some larger weapons.
You are carnivorous and can eat meat at any time.


Message History

You kill the orc!
Something hits you.
You hit something. Something hits you.
* * * LOW HITPOINT WARNING * * *
You hit something. Something closely misses you.
You hit something. Something hits you but does no damage.
You closely miss something.
You hear some strange, mumbled words.
A magic dart appears from out of thin air!
The magic dart hits you!
* * * LOW HITPOINT WARNING * * *
You hit something. Something barely misses you.
Evoke which item? (* to show all) (? for menu, Esc to quit)
Aiming: Paralyse
Press: ? - help, Shift-Dir - straight line Nothing appears to happen.
You hear some strange, mumbled words.
A puff of flame appears from out of thin air!
The puff of flame hits you. You resist.
You die...

#...##########....#..
...........# ....#..
...........# ......
#........# #...
#[.......# #...
#######?.......######.o.
#(......................
#.....){)...............
#......@######.÷..†...##
#................$....#
#.........(...........#
#..............########
#.........$....#
################


There were no monsters in sight!

Vanquished Creatures
  4 adders
  An ooze (D:2)
  3 dart slugs
  2 leopard geckos
  6 orcs
  4 giant cockroaches
  2 goblins (D:2)
  3 hobgoblins
  A quokka (D:2)
  3 bats
  5 frilled lizards
  8 kobolds
  6 rats
48 creatures vanquished.

Notes
Turn   | Place    | Note
-------+----------+-------------------------------------------
     0 | D:1      | Hasart the Kobold Gladiator began the quest for the Orb.
     0 | D:1      | Reached XP level 1. HP: 12/12 MP: 1/1
   221 | D:1      | Reached XP level 2. HP: 14/18 MP: 2/2
   350 | D:1      | Reached skill level 1 in Stealth
   729 | D:2      | Reached XP level 3. HP: 22/22 MP: 3/3
  1014 | D:2      | Reached skill level 1 in Evocations
  1093 | D:2      | Reached XP level 4. HP: 23/27 MP: 4/4
  1116 | D:2      | Reached skill level 1 in Armour
  1437 | D:3      | Reached skill level 5 in Short Blades
  1556 | D:3      | Reached XP level 5. HP: 21/31 MP: 6/6
  1564 | D:3      | Killed from afar by an orc wizard

Levels and vault maps discovered:
D:1:      onia_arrival_mini_spirals, layout_basic
D:2:      layout_basic
D:3:      layout_basic, kennysheep_potato

Skill      XL: |  1  2  3  4 |
---------------+-------------+-----
Stealth        | 1 |  1.9
Evocations     | 1 |  1.5
Armour         | 1 |  1.1
Dodging        | 4 |  4.0
Short Blades   | 5 |  5.1
Fighting       | |  2.7
Throwing       | |  2.1

Action                   |  1- 3 |  4- 6 || total
-------------------------+-------+-------++-------
Melee: Rapier            |   105 |    67 ||   172
Evoke: Wand              |       |     1 ||     1
 Stab: Sleeping          |     1 |       ||     1
  Eat: Chunk             |     9 |     2 ||    11
Armor: Leather armour    |    21 |    16 ||    37
Dodge: Dodged            |    83 |    53 ||   136

Table legend:
 A = Non-vault XP
 B = Vault XP
 C = Vault XP percentage of total XP
 D = Non-vault monster count
 E = Vault monster count
 F = Vault count percentage of total count
                 A         B        C        D         E       F
            +---------+---------+-------+---------+---------+-------
      Total |     142 |       0 |   0.0 |      48 |       0 |   0.0
            +---------+---------+-------+---------+---------+-------
        D:1 |      24 |       0 |   0.0 |      14 |       0 |   0.0
        D:2 |      75 |       0 |   0.0 |      25 |       0 |   0.0
        D:3 |      43 |       0 |   0.0 |       9 |       0 |   0.0
            +---------+---------+-------+---------+---------+-------
